 Dungeon Crawl Stone Soup version 0.32-a0-841-g4648e6c457 (webtiles) character file.

Game seed: 7533659749615074745

8630 Griffin23 the Carver (level 11, -1/101 HPs)
             Began as a Minotaur Fighter on Mar 26, 2024.
             Was an Elder of Trog.
             Slain by a demonic crawler (3 damage)
             ... on level 1 of the Abyss.
             The game lasted 00:16:13 (11327 turns).

Griffin23 the Carver (Minotaur Fighter)            Turns: 11327, Time: 00:16:14

Health: -1/101     AC: 17    Str: 26    XL:     11   Next: 12%
Magic:  10/10      EV: 21    Int:  5    God:    Trog [****..]
Gold:   600        SH:  0    Dex:  9    Spells: 10/10 levels left

rFire   . . .        C - +3 great sword
rCold   . . .        (shield currently unavailable)
rNeg    . . .        y - +0 plate armour
rPois   .            (helmet restricted)
rElec   .            r - +0 cloak {rCorr}
rCorr   +            q - +0 pair of gloves
SInv    .            (no boots)
Will    .....        o - amulet of the acrobat Stlth
                     (no ring)
HPRegen 0.36/turn    (no ring)
MPRegen 0.12/turn

%: acrobat
@: about to teleport, acrobatic
A: horns 2, retaliatory headbutt
a: Renounce Religion, Berserk, Trog's Hand, Brothers in Arms


You were on level 1 of the Abyss.
You worshipped Trog.
Trog was greatly pleased with you.
You visited 1 branch of the dungeon, and saw 10 of its levels.
You visited the Abyss 1 time.

You collected 660 gold pieces.
You spent 60 gold pieces at shops.

Inventory:

Hand Weapons
 a - a +0 long sword
 z - a +0 scimitar
 C - a +3 great sword (weapon)
Armour
 b - a +0 scale mail
 c - a +0 buckler
 q - a +0 pair of gloves (worn)
 r - a +0 cloak of preservation (worn)
 w - a +0 chain mail
 y - a +0 plate armour (worn)
Jewellery
 o - an amulet of the acrobat (around neck)
Wands
 k - a wand of polymorph (5)
 s - a wand of iceblast (10)
 B - a wand of mindburst (11)
 G - a wand of quicksilver (7)
Scrolls
 e - a scroll of acquirement {unknown}
 f - 4 scrolls of teleportation
 g - 3 scrolls of fear
 h - a scroll of enchant armour {unknown}
 i - 2 scrolls of torment
 j - 3 scrolls of fog
 n - 2 scrolls of noise
 p - a scroll of vulnerability {unknown}
 t - 2 scrolls of summoning {unknown}
 D - a scroll of immolation {unknown}
 E - a scroll of revelation {unknown}
 F - a scroll of silence {unknown}
 H - a scroll of identify
Potions
 d - 4 potions of might
 l - 2 potions of curing
 m - a potion of ambrosia
 u - 2 potions of brilliance {unknown}
 v - a potion of degeneration {unknown}
 x - a potion of invisibility {unknown}
 A - 3 potions of haste {unknown}


   Skills:
 + Level 10.4 Fighting
 * Level 12.4 Long Blades
 + Level 10.4 Armour
 - Level 9.4 Shields
 + Level 3.0 Evocations


You had 10 spell levels left.
You didn't know any spells.
Your spell library contained the following spells:

 Spells                   Type           Power      Damage    Failure   Level
 Scorch                   Fire           0%         2d5       100%        2
 Flame Wave               Conj/Fire      0%         2d4       100%        4
 Summon Cactus Giant      Summ           0%         N/A       100%        6


Dungeon Overview and Level Annotations

Branches:
Dungeon (10/15)            Temple (0/1) D:7
   Lair: D:8-11         Orc: D:9-12

Altars:
Ashenzari
Dithmenos
Hepliaklqana
Kikubaaqudgha
Nemelex Xobeh
Okawaru
Qazlal
Ru
Trog
Yredelemnul
Zin
The Shining One

Shops:
D:2 !   D:7 =[

Annotations:
D:9 2 transporters, HilariousDeathArtist's ghost, novice CoBr
D:10 Erolcha


Innate Abilities, Weirdness & Mutations

You have a pair of horns on your head.
You reflexively headbutt those who attack you in melee.


Message History

Okay, then.
As you read the scroll of teleportation, it crumbles to dust.
You feel strangely unstable.
You feel the power of the Abyss delaying your translocation!
The demonic crawler hits you.
* * * LOW HITPOINT WARNING * * *
The demonic crawler hits you but does no damage.
The demonic crawler barely misses you.
You slash the demonic crawler!
The demonic crawler is lightly wounded.
The demonic crawler hits you but does no damage.
The demonic crawler barely misses you.
The demonic crawler hits you but does no damage.
You hit the demonic crawler but do no damage.
The demonic crawler is lightly wounded.
The demonic crawler hits you.
* * * LOW HITPOINT WARNING * * *
The demonic crawler hits you but does no damage.
The demonic crawler hits you.
* * * LOW HITPOINT WARNING * * *
You slash the demonic crawler! You headbutt the demonic crawler.
The demonic crawler is lightly wounded.
The demonic crawler hits you.
* * * LOW HITPOINT WARNING * * *
The demonic crawler hits you.
* * * LOW HITPOINT WARNING * * *
The demonic crawler hits you but does no damage.
The demonic crawler closely misses you. You furiously retaliate!
You headbutt the demonic crawler.
The demonic crawler barely misses you. x2
The demonic crawler attacks as it pursues you!
The demonic crawler misses you. You furiously retaliate!
You headbutt the demonic crawler!
The demonic crawler completely misses you.
The demonic crawler misses you. The demonic crawler misses you.
The demonic crawler hits you!
* * * LOW HITPOINT WARNING * * *
The demonic crawler closely misses you.
The demonic crawler hits you but does no damage. x2
The demonic crawler hits you.
You die...

# .~~ ##.#
#. ~~ #
.##..# . .
.#
#.....###.#
#. #. #.
..#. .#..#.
# ##.##...
....# .
###..#####..
#.#..###..#
#..##....#
#...
#...@### ..#
..####.sb#
## ####....#
.....#
##...#
..ยง.. .# .
. .#


You could see a demonic crawler and an obsidian bat.

Vanquished Creatures
  2 two-headed ogres
  Maurice (D:7)
  Maggie (D:6)
  An unseen horror zombie (D:7)
  Sigmund (D:5)
  5 yaks (D:9)
  2 steam dragons
  A wyvern (D:6)
  An acid dragon (D:9)
  3 orc warriors (D:8)
  A hornet zombie (D:7)
  A sky beast (D:8)
  2 ice beasts
  5 black bears
  5 centaurs
  2 ogres
  5 phantoms
  2 bullfrogs
  2 wyvern zombies (D:7)
  A gnoll sergeant (D:9)
  6 scorpions
  A water moccasin zombie (D:7)
  15 wights
  A killer bee (D:5)
  An electric eel (D:7)
  A howler monkey (D:7)
  5 centaur zombies
  4 bullfrog zombies
  4 hounds
  A bombardier beetle (D:5)
  A human zombie (D:5)
  2 jellies
  A bullfrog skeleton (D:5)
  7 orc priests
  A gnoll bouda (D:4)
  Ijyb (D:5)
  2 iguanas
  A sleepcap (D:6)
  9 orc wizards
  A scorpion zombie (D:5)
  A hound zombie (D:5)
  A hound skeleton (D:5)
  A howler monkey zombie (D:7)
  16 gnolls
  A howler monkey skeleton (D:5)
  6 adders
  A white imp (D:7)
  An adder zombie (D:5)
  4 dart slugs
  3 ribbon worms
  10 orcs
  3 ball pythons (D:1)
  2 endoplasms (D:4)
  5 giant cockroaches
  3 goblins
  8 hobgoblins
  11 jackals
  5 quokkas
  7 bats
  3 frilled lizards
  8 kobolds
  10 rats
  A lurking horror (Abyss:1)
220 creatures vanquished.

Notes
Turn   | Place    | Note
-------+----------+-------------------------------------------
     0 | D:1      | Griffin23 the Minotaur Fighter began the quest for the Orb.
     0 | D:1      | Reached XP level 1. HP: 19/19 MP: 0/0
    71 | D:1      | Reached XP level 2. HP: 14/27 MP: 1/1
   485 | D:1      | Reached skill level 3 in Long Blades
   485 | D:1      | Reached XP level 3. HP: 33/33 MP: 2/2
   721 | D:1      | Found a faded altar of an unknown god.
   770 | D:2      | Found Muukki's Distillery.
   778 | D:2      | Bought a potion of heal wounds for 60 gold pieces
  1098 | D:2      | Reached XP level 4. HP: 41/41 MP: 3/3
  1106 | D:2      | Identified the +1 robe "Widuacw" {rElec}
  1650 | D:3      | Noticed a black bear
  1660 | D:3      | Killed a black bear
  1661 | D:3      | Reached skill level 4 in Long Blades
  1661 | D:3      | Reached XP level 5. HP: 29/47 MP: 4/4
  2074 | D:3      | Found a bloodstained altar of Trog.
  2145 | D:3      | Became a worshipper of Trog the Wrathful
  2159 | D:4      | Noticed a black bear
  2168 | D:4      | Killed a black bear
  2169 | D:4      | Reached skill level 5 in Fighting
  2169 | D:4      | Reached skill level 5 in Armour
  2169 | D:4      | Reached skill level 5 in Shields
  2169 | D:4      | Reached XP level 6. HP: 40/56 MP: 5/5
  2804 | D:4      | Reached * piety under Trog
  2932 | D:4      | Reached XP level 7. HP: 62/62 MP: 6/6
  2949 | D:4      | Found a sacrificial altar of Ru.
  3015 | D:4      | Reached skill level 5 in Long Blades
  3627 | D:5      | Entered Level 5 of the Dungeon
  3738 | D:5      | Noticed Sigmund
  3755 | D:5      | Killed Sigmund
  3917 | D:5      | Found a glowing golden altar of the Shining One.
  3935 | D:5      | Reached skill level 6 in Long Blades
  3935 | D:5      | Reached XP level 8. HP: 39/71 MP: 7/7
  4137 | D:5      | Found an ancient bone altar of Kikubaaqudgha.
  4156 | D:5      | Reached ** piety under Trog
  4307 | D:5      | Reached skill level 7 in Long Blades
  4354 | D:5      | Noticed Ijyb
  4365 | D:5      | Killed Ijyb
  4625 | D:5      | Found a bloodstained altar of Trog.
  5410 | D:6      | Reached XP level 9. HP: 62/81 MP: 8/8
  5549 | D:6      | Found a broken altar of Ashenzari.
  5586 | D:6      | Reached skill level 8 in Long Blades
  5901 | D:6      | Found a hazy altar of Hepliaklqana.
  5907 | D:6      | Found a stormy altar of Qazlal.
  6004 | D:6      | Noticed Maggie
  6018 | D:6      | HP: 4/81 [Maggie/+1 war axe of flaming (2)]
  6023 | D:6      | Killed Maggie
  6278 | D:7      | Reached skill level 9 in Long Blades
  6431 | D:7      | Noticed a two-headed ogre
  6443 | D:7      | HP: 4/81 [two-headed ogre/+0 dire flail (2)]
  6443 | D:7      | HP: 1/81 [two-headed ogre/+0 dire flail (3)]
  6445 | D:7      | Killed a two-headed ogre
  6450 | D:7      | Reached skill level 10 in Long Blades
  6677 | D:7      | Identified the +10 sling "Leviticus" {freeze, +Blink rElec
                  | MP+9 Stlth-}
  6680 | D:7      | Found Dom Ywn's Jewellery Shop.
  6688 | D:7      | Found a staircase to the Ecumenical Temple.
  6735 | D:7      | Reached *** piety under Trog
  6736 | D:7      | Reached XP level 10. HP: 49/91 MP: 9/9
  8357 | D:7      | Reached skill level 11 in Long Blades
  8395 | D:7      | Noticed Maurice
  8400 | D:7      | Maurice stole 2 throwing nets
  8401 | D:7      | Maurice stole a +0 long sword
  8405 | D:7      | Maurice stole a +0 buckler
  8406 | D:7      | Maurice stole 25 gold
  8420 | D:7      | Something stole a throwing net
  8421 | D:7      | Something stole 118 gold
  8422 | D:7      | Something stole 325 gold
  8759 | D:7      | Killed Maurice
  8760 | D:7      | Reached skill level 1 in Evocations
  9091 | D:7      | Found Iheubece's Antique Armour Emporium.
  9475 | D:8      | Found a basalt altar of Yredelemnul.
  9700 | D:8      | Reached skill level 10 in Fighting
  9843 | D:8      | Noticed a two-headed ogre
  9851 | D:8      | Killed a two-headed ogre
  9852 | D:8      | Reached skill level 10 in Armour
 10023 | D:8      | Reached skill level 12 in Long Blades
 10164 | D:8      | Reached **** piety under Trog
 10218 | D:8      | Found a sparkling altar of Nemelex Xobeh.
 10288 | D:8      | Found an iron altar of Okawaru.
 10345 | D:9      | Reached XP level 11. HP: 86/100 MP: 10/10
 10857 | D:9      | Found a transporter.
 10857 | D:9      | Found a transporter.
 10857 | D:9      | Noticed HilariousDeathArtist's ghost (novice CoBr)
 10889 | D:9      | Found a shadowy altar of Dithmenos.
 10916 | D:9      | Identified the +2 hat of Past Mistakes {*Slow Int+8 SInv}
 11056 | D:9      | Found a glowing silver altar of Zin.
 11205 | D:10     | Entered Level 10 of the Dungeon
 11209 | D:10     | Noticed Erolcha
 11219 | Abyss:1  | Cast into level 1 of the Abyss (Erolcha)
 11233 | Abyss:1  | Noticed a demonic crawler
 11316 | Abyss:1  | Noticed a demonic crawler
 11318 | Abyss:1  | Noticed an obsidian bat
 11327 | Abyss:1  | HP: 2/101 [demonic crawler (10)]
 11327 | Abyss:1  | Slain by a demonic crawler

Illustrated notes

Levels and vault maps discovered:
D:1:      heliophobic_arrival_ceremonial_halls, layout_loops_ring,
          shapermc_ecumenical_altar_mp_vishouse, dreamdust_princess_bridge
D:2:      layout_loops_cross, serial_shops, shop, supply_closet_lemuel,
          minmay_misc_feat_encased, hex_large, minmay_split_cup_large
D:3:      wad_pebble_path, layout_loops_ring, trog_book
D:4:      layout_loops_cross, mainiacjoe_overflow_paths
D:5:      layout_basic, lemuel_mausoleum_altar_kikubaaqudgha,
          hangedman_feature_mirror, uniq_ijyb, uniq_sigmund
D:6:      layout_rooms, mainiacjoe_overflow_small_starburst,
          mainiacjoe_overflow_large_starburst, uniq_maggie
D:7:      layout_rooms, minmay_temple_entry_glass, serial_shops,
          nicolae_shop_behind_doors, shop, serial_undead, serial_undead_c,
          serial_undead_a, serial_undead_b, serial_undead_f, serial_undead_c,
          serial_undead_f, serial_undead_f, serial_undead_a, serial_undead_c,
          serial_undead_f, uniq_maurice
D:8:      layout_rooms, lemuel_coloured_pillars_altar,
          mainiacjoe_overflow_boulevard, yredelemnul_altar_generic
D:9:      layout_loops_cross, nicolae_dithmenos_shadow_blocks,
          kennysheep_mini_moat, gammafunk_ghost_hive
D:10:     layout_basic, dpeg_oklobed_lair, serial_shops, shop, shop, shop,
          kennysheep_generic_room_5, uniq_erolcha, uniq_nergalle
Abyss:1:  base:
D:8

Skill      XL: |  1  2  3  4  5  6  7  8  9 10 11 |
---------------+----------------------------------+-----
Fighting       | 4 5 6 7 9 10 | 10.4
Armour         | 4 5 6 7 9 10 | 10.4
Shields        | 4 5 6 7 9 |  9.4
Long Blades    | 3 4 6 7 10 12 | 12.4
Evocations     | 2 3 |  3.0

Action                     |  1- 3 |  4- 6 |  7- 9 | 10-12 || total
---------------------------+-------+-------+-------+-------++-------
  Melee: Long sword        |    90 |   128 |   231 |       ||   449
         Headbutt          |    14 |    24 |    77 |    48 ||   163
         Scimitar          |       |       |   126 |    74 ||   200
         Great sword       |       |       |       |   152 ||   152
         Unarmed           |       |       |       |    11 ||    11
 Invoke: Berserk           |       |       |     1 |     3 ||     4
         Trog's Hand       |       |       |     1 |       ||     1
  Evoke: Wand              |       |       |       |     6 ||     6
    Use: Scroll            |       |     3 |       |     5 ||     8
         Potion            |       |       |     2 |     3 ||     5
 Armour: Scale mail        |   136 |   128 |   187 |       ||   451
         Chain mail        |       |       |    44 |       ||    44
         Plate armour      |       |       |    91 |   473 ||   564
         Skin              |       |       |       |    14 ||    14
  Dodge: Dodged            |    45 |    84 |   112 |   175 ||   416
  Block: Buckler           |    30 |    46 |    80 |    56 ||   212

Table legend: (Time is in decaauts)
 A = Elapsed time spent in this place.
 B = Non-inter-level travel time spent in this place.
 C = Inter-level travel time spent in this place.
 D = Time resting spent in this place.
 E = Time spent auto-exploring this place.
 F = Levels seen in this place.
 G = Mean time per level.
                   A        B        C        D        E       F      G
               +--------+--------+--------+--------+--------+-----+--------+
         Total |  11462 |  10774 |    688 |   2128 |   6818 |  11 | 1042.0 |
       Dungeon |  11339 |  10651 |    688 |   2128 |   6818 |  10 | 1133.9 |
         Abyss |    122 |    122 |      0 |      0 |      0 |   1 |  122.0 |
               +--------+--------+--------+--------+--------+-----+--------+

Top non-repeatable levels by time:
     D:6: 2227 daAuts
     D:5: 1737 daAuts
     D:7: 1403 daAuts
     D:4: 1265 daAuts
     D:8: 1224 daAuts
     D:3: 968 daAuts
     D:9: 888 daAuts
     D:2: 852 daAuts
     D:1: 755 daAuts
 Abyss:1: 122 daAuts
    D:10: 14 daAuts
